 Dungeon Crawl Stone Soup version 0.30-a0-469-g84de5afbc5 (webtiles) character file.

Game seed: 9318411094995631931

117188 freelancePsychic the Thaumaturge (level 16, -19/128 HPs)
             Began as a Mummy Ice Elementalist on Dec 19, 2022.
             Was an Initiate of Gozag.
             Demolished by a naga warrior
             ... wielding a +0 short sword
              (34 damage)
             ... on level 1 of the Snake Pit.
             The game lasted 01:10:37 (31675 turns).

freelancePsychic the Thaumaturge (MuIE)            Turns: 31675, Time: 01:10:37

Health: -19/128    AC: 12    Str: 18    XL:     16   Next: 22%
Magic:  22/33      EV: 11    Int: 24    God:    Gozag
Gold:   4145       SH:  0    Dex: 15    Spells: 4/42 levels left

rFire   + . .      SeeInvis +    b - staff of cold
rCold   + + .      Faith    +    (no shield)
rNeg    + + +      Spirit   .    A - +3 leather armour {rF+}
rPois   ∞          Reflect  .    u - +0 hat "Ucoozuof" {rF+ Str+5 SInv}
rElec   +          Harm     .    (no cloak)
rCorr   .          Rampage  .    p - +2 pair of gloves
Will    ++...                    k - +2 pair of boots {Fly}
Stlth   ++........               m - amulet of Paranoia {RegenMP rElec Int+4 Dex+2}
HPRegen 0.41/turn                j - ring of see invisible
MPRegen 0.63/turn                t - ring of wizardry

@: about to teleport, gold aura, flying, constricted, studying Short Blades
A: cold resistance 1, negative energy resistance 3, torment resistance 2, heat
vulnerability 1, in touch with death 2, no potions, faith
a: Renounce Religion, Potion Petition, Call Merchant, Bribe Branch


You were on level 1 of the Snake Pit.
You worshipped Gozag.
Gozag was most pleased with you.
You visited 4 branches of the dungeon, and saw 23 of its levels.
You also visited: Gauntlet, Ice Cave and Volcano.

You collected 9022 gold pieces.
You spent 1254 gold pieces at shops.
You paid 3623 gold pieces to Gozag.

Inventory:

Hand Weapons
 a - a +2 whip of venom
 c - a +0 spear
 i - a +3 sling
Missiles
 r - a throwing net
Armour
 k - a +2 pair of boots of flying (worn)
 l - a +0 leather armour
 p - a +2 pair of gloves (worn)
 s - a +4 ring mail of fire resistance
 u - the +0 hat "Ucoozuof" (worn) {rF+ Str+5 SInv}
   (You found it in a Gauntlet)

   Str:       It affects your strength (+5).
   rF:        It protects you from fire.
   SInv:      It lets you see invisible.
 A - a +3 leather armour of fire resistance (worn)
 F - +0 storm dragon scales
 H - the +1 kite shield "Ymu Lye" {Int+2}
   (You found it in a Gauntlet)

   Int:       It affects your intelligence (+2).
Magical Staves
 b - a staff of cold (weapon)
Jewellery
 j - a ring of see invisible (left hand)
 m - the amulet of Paranoia (around neck) {RegenMP rElec Int+4 Dex+2}
   (You acquired it on level 4 of the Dungeon)

   [amulet of magic regeneration]

   It increases your rate of magic regeneration.
   Int:       It affects your intelligence (+4).
   Dex:       It affects your dexterity (+2).
   rElec:     It insulates you from electricity.
 t - a ring of wizardry (right hand)
 C - an amulet of guardian spirit
 K - a +4 ring of evasion
 N - a ring of wizardry
Wands
 d - a wand of roots (23)
 n - a wand of paralysis (18)
 o - a wand of digging (1)
 v - a wand of flame (29)
 x - a wand of light (10)
Scrolls
 e - 4 scrolls of silence
 f - 2 scrolls of immolation
 g - 14 scrolls of teleportation {@r4}
 h - 10 scrolls of vulnerability
 q - 2 scrolls of poison
 w - 6 scrolls of identify {@r1}
 y - 4 scrolls of fog
 B - a scroll of blinking
 D - a scroll of torment {unknown}
 I - 4 scrolls of enchant weapon
 J - a scroll of brand weapon
 L - a scroll of fear
 M - a scroll of magic mapping
Miscellaneous
 z - a box of beasts
 E - a condenser vane
 G - a tin of tremorstones (2/2)


   Skills:
 + Level 12.3 Fighting
 - Level 6.7 Dodging
 - Level 2.3 Stealth
 * Level 0.2 Shields
 - Level 13.5 Spellcasting
 - Level 9.1 Hexes
 + Level 13.5 Summonings
 - Level 12.5 Necromancy
 - Level 6.1 Ice Magic
 - Level 4.0 Earth Magic


You had 4 spell levels left.
You knew the following spells:

 Your Spells              Type           Power      Damage    Failure   Level
a - Summon Guardian Gole  Hex/Summ       63%        N/A       1%          3
b - Borgnjor's Vile Clut  Necr/Erth      45%        N/A       1%          5
c - Summon Mana Viper     Hex/Summ       63%        N/A       1%          5
d - Summon Ice Beast      Ice/Summ       76%        N/A       1%          4
e - Anguish               Hex/Necr       50%        N/A       1%          4
f - Ozocubu's Armour      Ice            62%        N/A       1%          3
g - Frozen Ramparts       Ice            100%       1d16      1%          3
h - Haunt                 Necr/Summ      54%        N/A       7%          7
i - Call Canine Familiar  Summ           69%        N/A       1%          3
j - Freeze                Ice            100%       1d10      1%          1

Your spell library contained the following spells:

 Spells                   Type           Power      Damage    Failure   Level
 Summon Small Mammal      Summ           100%       N/A       0%          1
 Cigotuvi's Dreadful Rot  Necr/Pois/Air  100%       N/A       1%          2
 Dazzling Flash           Conj/Hex       76%        N/A       1%          3
 Hailstorm                Conj/Ice       46%        3d11      1%          3
 Portal Projectile        Hex/Tloc       76%        N/A       1%          3
 Animate Armour           Summ/Erth      100%       N/A       1%          4
 Leda's Liquefaction      Hex/Erth       23%        N/A       1%          4
 Blink                    Tloc           32%        N/A       2%          2
 Momentum Strike          Conj/Tloc      32%        3d8       2%          2
 Poisonous Vapours        Pois/Air       32%        N/A       2%          2
 Static Discharge         Conj/Air       32%        2-4/arc   2%          2
 Stone Arrow              Conj/Erth      50%        3d10      2%          3
 Fulminant Prism          Conj/Hex       19%        3d10      2%          4
 Kindle Blastsparks       Fire/Tloc/Air  32%        2d12      5%          3
 Lesser Beckoning         Tloc           32%        N/A       5%          3
 Mephitic Cloud           Conj/Pois/Air  16%        N/A       5%          3
 Petrify                  Tmut/Erth      25%        N/A       8%          4
 Airstrike                Air            8%         2d(2-18)  17%         4
 Iskenderun's Mystic Bla  Conj/Tloc      16%        2d5       17%         4
 Agony                    Necr           100%       N/A       1%          5
 Summon Hydra             Summ           34%        N/A       6%          7
 Silence                  Hex/Air        19%        N/A       8%          5
 Lee's Rapid Deconstruct  Erth           17%        3d11*     9%          5
 Enfeeble                 Hex            28%        N/A       32%         7
 Alistair's Intoxication  Tmut/Pois      10%        N/A       43%         5
 Iskenderun's Battlesphe  Conj           16%        2d7       43%         5
 Spellforged Servitor     Conj/Summ      24%        N/A       65%         7
 Iron Shot                Conj/Erth      12%        9d3       71%         6
 Conjure Ball Lightning   Conj/Air       8%         3x3d6     92%         6
 Eringya's Noxious Bog    Tmut/Pois      8%         N/A       92%         6
 Starburst                Conj/Fire      8%         6d4       92%         6
 Orb of Destruction       Conj           8%         9d6       100%        7
 Sublimation of Blood     Necr           Unusable   N/A       N/A         2
 Wereblood                Tmut           Unusable   N/A       N/A         2
 Ice Form                 Ice/Tmut       Unusable   N/A       N/A         4
 Simulacrum               Ice/Necr       Unusable   N/A       N/A         6

Dungeon Overview and Level Annotations

Branches:
Dungeon (15/15)              Lair (5/5) D:9           Swamp (0/4) Lair:2
  Snake (1/4) Lair:3        Slime (0/5) Lair:5          Orc (2/2) D:12
    Elf (0/3) Orc:2        Vaults (0/5) D:13         Depths (0/4) D:15
  IceCv (visited)         Volcano (visited)         Gauntlet (visited)
 Temple: D:4-7

Altars:
Cheibriados
Gozag
Makhleb
Nemelex Xobeh
Okawaru
Ru
Trog
Uskayaw
Yredelemnul

Shops:
D:5 *   D:6 :   D:9 :   D:15 (*   Orc:2 =[![*(

Portals:
Trove: D:14 (give 5 scrolls of fog)

Annotations:
D:7 1 runed translucent door, Crazy Yiuf
Lair:1 1 runed translucent door, Rijiq's ghost, journeyman GrEE
Lair:2 3 runed translucent doors, GiantSquids's ghost, journeyman DgHu


Innate Abilities, Weirdness & Mutations

You are immune to poison.
Your flesh is cold resistant. (rC+)
You are immune to negative energy. (rN+++)
You are immune to unholy pain and torment.
You are vulnerable to heat. (rF-)
You are strongly in touch with the powers of death.
You do not drink.
You have a special connection with the divine. (Faith)


Message History

The naga mage seems to speed up.
The naga warrior hits you but does no damage.
The naga warrior roars a battlecry!
The nagas go into a battle-frenzy!
You hear a shout!
Aiming: Borgnjor's Vile Clutch (mildly dangerous; 1% risk of failure)
Press: ? - help, Q - select action, (/) - cycle Shift-Dir - straight line, f - naga warrior, p - guardian serpent
Aim: a naga warrior, wielding a +0 dire flail (100% to hit)
You feel a strong surge of power!
Zombie hands grab the naga warrior.
The guardian serpent is unaffected.
The zombie hands constrict the guardian serpent!!
You kill the guardian serpent!
The zombie hands constrict the naga warrior!
The naga mage hits you with a +0 halberd!
The naga warrior closely misses you. The naga warrior spits poison at you.
The splash of poison misses you. The naga warrior constricts you.
The naga warrior spits poison at you.
The splash of poison hits you but does no damage.
You resist. The naga mage spits poison at you.
The splash of poison hits you but does no damage.
You resist.
Unknown command.
The zombie hands constrict the naga warrior!
The naga mage points at the naga warrior and mumbles some strange words.
The naga warrior seems to grow toxic.
The naga warrior roars a battlecry! x2
The naga warrior goes into a battle-frenzy!
The naga warrior hits you with a +0 short sword!!
* * * LOW HITPOINT WARNING * * *
The naga warrior constricts you.
You hear a shout!
The zombie hands constrict the naga warrior!!
The naga mage hits you with a +0 halberd!
* * * LOW HITPOINT WARNING * * *
The naga warrior hits you with a +0 short sword!!
You die...
Your body crumbles into a pile of gold.

.................####........,*
#..##...........####.........,*
....^.........#.###..#......>**
................##..###.....#*
...#..........###..##**##..##*
...#<......(..# #.##*,,,,....*
...#..........###$# *,,,,,...*
.).##........###NN# *,,,,,,..*
............## #@## *,,,,,,,,*
##......###.#**#N#***,,,,,,,,****
#........,...#*.$N,,,,,,,,,,,,,,,
.........#,..##....,*************
.#.......#*,,......#*************
##........,,,......#*,,,,,,,,,,,,
......,,,,,,,......#*,,,,,,,,,,,,
..!..#*,***,.......#*,,,********,
...###*,,,,,,**,,,,**,,**********


You could see 3 naga warriors and a naga mage (fast, strong).

Vanquished Creatures
  A very ugly thing (IceCv)
  A minotaur (Gauntlet)
  3 ogre magi
  A death knight (D:14)
  A caustic shrike simulacrum (IceCv)
  10 two-headed ogres
  5 dancing weapons
  An anaconda (Snake:1)
  A death yak (Lair:5)
  2 naga warriors (Snake:1)
  A hell knight (Volcano)
  A skeletal warrior (D:15)
  2 deep trolls (Orc:2)
  2 lindwurms
  A deep elf pyromancer (D:15)
  An orc knight (Orc:2)
  4 ugly things
  A salamander (Snake:1)
  Maurice (D:9)
  2 cyclopes
  A shining eye (Gauntlet)
  3 elephants (Lair:4)
  6 nameless horrors
  2 guardian serpents (Snake:1)
  An eye of devastation (shapeshifter) (D:15)
  5 cane toads
  2 naga magi (Snake:1)
  3 kobold demonologists (D:10)
  An unseen horror (D:12)
  3 komodo dragons
  An efreet (D:13)
  2 rime drakes
  5 polar bears (Lair:5)
  5 trolls
  4 hornets (Lair:5)
  5 dream sheep
  8 blink frogs
  A dream sheep (shapeshifter) (Gauntlet)
  A spriggan (shapeshifter) (D:15)
  7 spriggans (Lair:5)
  A hog (shapeshifter) (D:13)
  2 wyverns
  2 dire elephant simulacra (IceCv)
  3 fire bats (Volcano)
  A vampire (D:12)
  22 yaks
  A basilisk (Lair:4)
  A steam dragon (D:6)
  A golden eye (Gauntlet)
  3 hogs (Lair:3)
  12 vampire mosquitoes
  2 harpy simulacra (IceCv)
  Edmund (D:4)
  6 wargs
  2 nagas (Snake:1)
  An acid dragon (D:12)
  A hydra simulacrum (IceCv)
  8 water moccasins
  A floating eye (Gauntlet)
  4 black bears
  An alligator simulacrum (IceCv)
  4 orc warriors
  A sky beast (D:6)
  A black bear (shapeshifter) (Gauntlet)
  15 ogres
  4 boggarts (Lair:5)
  16 wolves
  A centaur (D:5)
  3 kobold brigands
  A phantom (D:3)
  4 bullfrogs
  A necrophage (D:4)
  A scorpion (D:5)
  A wight (D:7)
  A lindwurm simulacrum (IceCv)
  A howler monkey (D:5)
  An electric eel (Lair:2)
  4 jellies
  5 orc priests
  3 hounds
  2 iguanas (D:6)
  2 hell rats (Lair:5)
  11 orc wizards
  Natasha (thrice) (D:4)
  Robin (D:4)
  2 adders
  10 gnolls
  8 river rats (Lair:5)
  An ufetubus (D:6)
  3 worms
  2 dart slugs
  28 orcs
  8 endoplasms
  3 giant cockroaches
  16 goblins
  11 hobgoblins
  4 jackals
  6 quokkas
  5 ball pythons
  5 bats
  A frilled lizard (D:2)
  17 kobolds
  8 rats
409 creatures vanquished.

Vanquished Creatures (collateral kills)
  Kirke (Snake:1)
  A ghost moth (shapeshifter) (Gauntlet)
  Nessos (Orc:2)
  Snorg (D:11)
  A fire dragon (D:15)
  3 hydras
  A catoblepas (D:15)
  2 centaur warriors
  An ogre mage (Orc:2)
  A boulder beetle (D:13)
  6 two-headed ogres
  A naga warrior (Snake:1)
  3 death yaks (Lair:5)
  A naga sharpshooter (Snake:1)
  3 skeletal warriors (D:14)
  A deep elf pyromancer (D:14)
  4 ugly things
  An orc knight (D:12)
  4 cyclopes
  4 manticores
  A shining eye (Gauntlet)
  6 elephants
  6 black mambas
  A naga mage (Snake:1)
  3 gargoyles
  4 cane toads
  6 komodo dragons
  A kobold demonologist (D:11)
  3 unseen horrors (D:11)
  A rime drake (Lair:2)
  4 freezing wraiths
  A nameless horror (D:11)
  8 trolls
  A polar bear (D:11)
  A blink frog (Lair:5)
  12 slime creatures
  7 dream sheep
  A hornet (Lair:5)
  7 spriggans (Lair:5)
  2 shadows (D:11)
  2 vampires (D:11)
  2 centaur simulacra (D:11)
  35 yaks
  3 basilisks
  2 fire bats (Volcano)
  4 wyverns
  A golden eye (Gauntlet)
  6 vampire mosquitoes
  2 nagas (Lair:3)
  An acid dragon (D:11)
  11 water moccasins
  7 ice beasts
  2 orc warriors
  2 black bears
  5 centaurs
  6 ogres (Orc:2)
  27 wolves
  3 kobold brigands
  2 gnoll sergeants
  7 bullfrogs
  A scorpion (D:9)
  7 necrophages (Lair:4)
  2 wights (D:9)
  3 killer bees (D:11)
  4 electric eels
  7 lava snakes (Volcano)
  A hound (D:9)
  2 orc priests
  A gnoll bouda (D:8)
  An iguana (D:6)
  4 orc wizards
  A boggart simulacrum (D:11)
  3 white imps
  4 ufetubi
  A worm (D:15)
  9 orcs
  5 kobolds
303 creatures vanquished.

Vanquished Creatures (others)
  A fire dragon (D:15)
  A hydra (D:14)
  Fannar (Lair:1)
  3 two-headed ogres
  A boulder beetle (D:11)
  A tengu warrior (D:15)
  2 shock serpents (Snake:1)
  A phantasmal warrior (D:15)
  2 cyclopes
  A freezing wraith (D:15)
  A vampire (D:11)
  14 yaks
  A wyvern (D:9)
  3 vampire mosquitoes
  Grum (D:9)
  A water moccasin (Lair:3)
  An orc warrior (D:9)
  An ice beast (D:6)
  2 ogres (Orc:2)
  6 wolves
  2 centaurs
  6 wights
  An orc wizard (D:6)
  2 gnolls (D:8)
  5 orcs
  2 bushes (Lair:5)
  14 demonic plants (Gauntlet)
  51 fungi
  56 plants
184 creatures vanquished.

Grand Total: 896 creatures vanquished

Notes
Turn   | Place    | Note
-------+----------+-------------------------------------------
     0 | D:1      | freelancePsychic the Mummy Ice Elementalist began the quest
                  | for the Orb.
     0 | D:1      | Reached XP level 1. HP: 13/13 MP: 4/4
   510 | D:1      | Reached XP level 2. HP: 19/19 MP: 3/5
  1175 | D:2      | Gained mutation: You are in touch with the powers of death.
                  | [Mummy growth]
  1175 | D:2      | Reached XP level 3. HP: 24/24 MP: 5/7
  1184 | D:2      | Learned a level 3 spell: Frozen Ramparts
  1857 | D:3      | Noticed a phantom
  2397 | D:3      | Reached XP level 4. HP: 30/30 MP: 6/9
  2869 | D:4      | Found an opulent altar of Gozag.
  2913 | D:4      | Became a worshipper of Gozag Ym Sagoz the Greedy
  2940 | D:4      | Got the Catalogue of Petrous Bewitchment
  2981 | D:4      | Noticed a necrophage
  3044 | D:3      | Killed a phantom
  3045 | D:3      | Reached skill level 1 in Summonings
  3045 | D:3      | Reached XP level 5. HP: 35/35 MP: 9/11
  3333 | D:4      | Noticed an ogre
  3345 | D:4      | Killed an ogre
  3346 | D:4      | Reached XP level 6. HP: 41/41 MP: 6/12
  3444 | D:4      | Learned a level 3 spell: Ozocubu's Armour
  3449 | D:4      | Learned a level 4 spell: Summon Ice Beast
  3497 | D:4      | Noticed Robin
  3500 | D:4      | Reached skill level 5 in Ice Magic
  3869 | D:4      | Identified a scroll of acquirement
  3870 | D:4      | Acquired the amulet of Paranoia {RegenMP rElec Int+4 Dex+2}
  4005 | D:4      | Got Iduarev's Vellum of Telluric Gusts
  4080 | D:4      | Reached skill level 5 in Spellcasting
  4080 | D:4      | Reached XP level 7. HP: 17/46 MP: 7/14
  4255 | D:4      | Killed Robin
  4370 | D:4      | Noticed Natasha
  4378 | D:4      | Killed Natasha
  4487 | D:4      | Noticed Edmund
  4493 | D:4      | Killed Edmund
  4575 | D:4      | Noticed Natasha
  4586 | D:4      | Killed Natasha
  4587 | D:4      | Reached skill level 1 in Fighting
  4623 | D:4      | Noticed Natasha
  4678 | D:4      | Killed Natasha
  4700 | D:5      | Entered Level 5 of the Dungeon
  4814 | D:5      | Reached XP level 8. HP: 48/55 MP: 12/16
  4895 | D:5      | Learned a level 3 spell: Summon Guardian Golem
  5541 | D:5      | Found Xiskoyvugh's General Store.
  5590 | D:5      | Reached skill level 1 in Hexes
  6084 | D:6      | Noticed a cyclops
  6099 | D:6      | Reached skill level 5 in Summonings
  6114 | D:6      | Killed a cyclops
  6115 | D:6      | Reached XP level 9. HP: 13/64 MP: 17/19
  7378 | D:7      | Reached skill level 5 in Fighting
  7649 | D:7      | Found a runed translucent door.
  7650 | D:7      | Noticed Crazy Yiuf
  8273 | D:8      | Identified the +3 whip of Hilebem {vorpal, Will++ Str+8}
  8409 | D:8      | Learned a level 3 spell: Call Canine Familiar
  8651 | D:8      | Reached XP level 10. HP: 70/76 MP: 8/21
  8874 | D:9      | Noticed Maurice
  8891 | D:9      | Killed Maurice
  9066 | D:9      | Noticed Psyche
  9079 | D:9      | Psyche changed into Psyche the hound
  9079 | D:9      | Noticed Psyche
  9081 | D:9      | Killed Psyche the hound
  9115 | D:9      | Reached skill level 5 in Hexes
  9235 | D:9      | Found a staircase to the Lair.
  9307 | D:9      | Noticed Grum
  9359 | D:9      | Killed Grum
  9591 | D:9      | Reached XP level 11. HP: 86/86 MP: 17/22
 10040 | D:9      | Found a sacrificial altar of Ru.
 10115 | D:10     | Entered Level 10 of the Dungeon
 10125 | D:10     | Reached skill level 1 in Necromancy
 10125 | D:10     | Reached skill level 1 in Earth Magic
 10148 | D:10     | Found a bloodstained altar of Trog.
 10267 | D:10     | Found an iron altar of Okawaru.
 10267 | D:10     | Found a sparkling altar of Nemelex Xobeh.
 10268 | D:10     | Found a basalt altar of Yredelemnul.
 10714 | D:10     | Found a burning altar of Makhleb.
 11098 | D:6      | Bought the Compilation of Guile for 494 gold pieces
 11104 | D:6      | Learned a level 5 spell: Summon Mana Viper
 11263 | D:11     | Noticed a two-headed ogre
 11270 | D:11     | Killed a two-headed ogre
 11554 | D:11     | Noticed a cyan ugly thing
 11573 | D:11     | Killed a cyan ugly thing
 12066 | D:11     | Noticed Snorg
 12075 | D:11     | Killed Snorg
 12214 | D:11     | Noticed a boulder beetle
 12264 | D:11     | Killed a boulder beetle
 12265 | D:11     | Reached XP level 12. HP: 77/97 MP: 16/23
 12286 | D:11     | Reached skill level 10 in Fighting
 12549 | D:11     | Noticed a two-headed ogre
 12558 | D:11     | Killed a two-headed ogre
 13156 | D:11     | Reached skill level 10 in Summonings
 13678 | Lair:1   | Entered Level 1 of the Lair of Beasts
 13687 | D:9      | Bought Great Wizards, Vol. II for 494 gold pieces
 14095 | Lair:1   | Noticed Rijiq's ghost (journeyman GrEE)
 14102 | Lair:1   | Found a runed translucent door.
 14686 | Lair:1   | Noticed Fannar
 14697 | Lair:1   | Killed Fannar
 14764 | Lair:1   | Learned a level 5 spell: Borgnjor's Vile Clutch
 14802 | Lair:2   | Found a gate leading to a gauntlet.
 14816 | Gauntlet | Entered a Gauntlet
 14816 | Gauntlet | Found a transporter.
 14816 | Gauntlet | Found a transporter.
 14816 | Gauntlet | Found a transporter.
 14868 | Gauntlet | Found a transporter.
 14881 | Gauntlet | Found a transporter.
 14882 | Gauntlet | Found a transporter.
 14893 | Gauntlet | Found a transporter.
 14909 | Gauntlet | Found a runed translucent gate.
 14910 | Gauntlet | Found a transporter.
 14910 | Gauntlet | Found a runed translucent gate.
 14911 | Gauntlet | Found a runed translucent gate.
 14916 | Gauntlet | Noticed a catoblepas
 14924 | Gauntlet | Found a transporter.
 14927 | Gauntlet | Found a transporter.
 14933 | Gauntlet | a catoblepas changed into a ghost moth
 14933 | Gauntlet | Noticed a ghost moth (shapeshifter)
 14935 | Gauntlet | Found a transporter.
 14938 | Gauntlet | Found a transporter.
 14982 | Gauntlet | Noticed a catoblepas
 14999 | Gauntlet | a catoblepas changed into an emperor scorpion
 14999 | Gauntlet | Noticed an emperor scorpion (shapeshifter)
 15139 | Gauntlet | Noticed a radroach
 15153 | Gauntlet | a radroach changed into a ghost moth
 15153 | Gauntlet | Noticed a ghost moth (shapeshifter)
 15160 | Gauntlet | Killed a ghost moth
 15215 | Gauntlet | Identified the +0 hat "Ucoozuof" {rF+ Str+5 SInv}
 15227 | Gauntlet | Identified the +7 spear of Earthquakes {vorpal, Stlth+}
 15247 | Gauntlet | Identified the +5 trident of Ryckaus {freeze, Str+4}
 15247 | Gauntlet | Noticed a minotaur
 15265 | Gauntlet | Killed a minotaur
 15266 | Gauntlet | Gained mutation: You are strongly in touch with the powers
                  | of death. [Mummy growth]
 15266 | Gauntlet | Reached XP level 13. HP: 62/105 MP: 5/26
 15398 | Gauntlet | Identified the +1 ring mail "Kusa" {rElec}
 15404 | Gauntlet | Identified the +1 kite shield "Ymu Lye" {Int+2}
 15408 | Gauntlet | Got the Quarto of Violent Despicable Magicks
 15453 | Lair:2   | Reached skill level 5 in Necromancy
 15600 | Lair:2   | Reached skill level 10 in Spellcasting
 15800 | Lair:2   | You fall into a shaft and drop 1 floor!
 16291 | Lair:3   | Found a staircase to the Snake Pit.
 16911 | Lair:2   | Found a runed translucent gate.
 16911 | Lair:2   | Found a runed translucent gate.
 16912 | Lair:2   | Found a runed translucent gate.
 16917 | Lair:2   | Noticed GiantSquids's ghost (journeyman DgHu)
 16956 | Lair:2   | Found a staircase to the Swamp.
 18876 | Lair:4   | Reached XP level 14. HP: 111/111 MP: 7/28
 19248 | Lair:5   | Entered Level 5 of the Lair of Beasts
 19493 | Lair:5   | Found a staircase to the Slime Pits.
 19924 | Lair:5   | Got the Encyclopedia of Combat Magic
 19941 | Lair:5   | Reached skill level 10 in Necromancy
 21900 | Lair:5   | Learned a level 7 spell: Haunt
 22489 | D:12     | Found a staircase to the Orcish Mines.
 23195 | Orc:1    | Entered Level 1 of the Orcish Mines
 23658 | Orc:2    | Entered Level 2 of the Orcish Mines
 23658 | Orc:2    | Found a staircase to the Elven Halls.
 23685 | Orc:2    | Found a dark tunnel.
 23698 | Volcano  | Entered a volcano
 24304 | Volcano  | Found a bloodstained altar of Trog.
 24344 | Volcano  | Found a burning altar of Makhleb.
 24608 | Orc:2    | Noticed Nessos
 24618 | Orc:2    | Killed Nessos
 24619 | Orc:2    | Reached XP level 15. HP: 75/117 MP: 5/31
 24870 | Orc:2    | Learned a level 4 spell: Anguish
 25087 | Orc:2    | Found Gemao's Armour Shop.
 25796 | Orc:2    | Found Zaeloe Qoll's Weapon Shop.
 25810 | Orc:2    | Found Raemi's Distillery.
 25873 | Orc:2    | Found Upnob's Assorted Antiques.
 25881 | Orc:2    | Bought a scroll of fear for 152 gold pieces
 25881 | Orc:2    | Bought a scroll of teleportation for 114 gold pieces
 26042 | D:13     | Found a gate to the Vaults.
 27212 | D:14     | Found a runed translucent door.
 27528 | D:14     | Reached skill level 5 in Dodging
 27759 | D:14     | Found a portal to a secret trove of treasure.
 28002 | D:15     | Entered Level 15 of the Dungeon
 29051 | D:15     | Found a hide-covered altar of Uskayaw.
 29303 | D:15     | Identified the +4 rapier "Mummy's Bane" {drain, rC+ rN+
                  | rCorr}
 29331 | D:15     | Found a snail-covered altar of Cheibriados.
 29659 | D:15     | Found a staircase to the Depths.
 29697 | D:15     | Found Gabat's Demolitions Depot.
 29968 | D:15     | Found Wushy's Weapon Boutique.
 30503 | Snake:1  | Entered Level 1 of the Snake Pit
 30508 | Snake:1  | Reached XP level 16. HP: 97/127 MP: 16/33
 30512 | Snake:1  | Noticed Kirke
 31023 | Snake:1  | Found a frozen archway.
 31027 | IceCv    | Entered an ice cave
 31270 | IceCv    | Found a transporter.
 31292 | IceCv    | Found a transporter.
 31356 | Snake:1  | Killed Kirke
 31675 | Snake:1  | Demolished by a naga warrior

Illustrated notes

Levels and vault maps discovered:
D:1:      dpeg_arrival_three_same_balls, layout_basic
D:2:      layout_basic
D:3:      layout_loops_ring, grunt_decor_mini_mirrors,
          minmay_goblin_kobold_house
D:4:      layout_cave_pods, pdpol_temple_overflow_zin_treasury_gozag_greed,
          uniq_edmund, uniq_natasha, uniq_robin
D:5:      nicolae_cairo_tiling, layout_gridville, serial_shops,
          kennysheep_little_box
D:6:      layout_cave_pods, st_stairs_12, grunt_ministairs_13,
          minmay_manual_mail
D:7:      layout_basic, mainiacjoe_overflow_paths, minmay_temple_entry_grid,
          nicolae_shop_i_like_big_books, uniq_crazy_yiuf_cottage, uniq_menkaure
D:8:      layout_gridville
D:9:      layout_roguey, nicolae_ru_the_path_less_chosen,
          minmay_lair_entry_grove, grunt_decor_clamped, uniq_maurice, uniq_grum,
          uniq_psyche
D:10:     layout_long_grid, bloody_makhleb, grunt_temple_overflow_open
D:11:     kennysheep_windowed_halls, layout_basic, serial_ice, serial_ice_i,
          serial_ice_d, serial_ice_a, serial_ice_c, uniq_snorg
D:12:     layout_irregular_city, minmay_orc_entry_guard_dogs
D:13:     layout_big_octagon, erik_vaults_1
D:14:     layout_long_grid, nicolae_trove_entry_diagonal, nicolae_danse_macabre
D:15:     grunt_enter_depths_hoard, layout_long_grid, serial_shops,
          nicolae_shop_stone, nicolae_uskayaw_murder_on_the_dancefloor,
          nicolae_blasting_shop, slow_altar_1
Lair:1:   layout_hall_layers, hellmonk_ghost_happy_afterlife,
          grunt_megastairs_4, uniq_fannar
Lair:2:   layout_cave_pods, minmay_swamp_entry_swarm, gauntlet_entry_generic,
          gammafunk_ghost_necromancy
Lair:3:   layout_gridlike, guppyfry_snake_entry_island
Lair:4:   layout_regular_city, serial_rivers, chequers_serial_rivers_small_a,
          chequers_serial_rivers_small_b, chequers_serial_rivers_micro_e,
          chequers_serial_rivers_micro_c, chequers_serial_rivers_room_a,
          chequers_serial_rivers_micro_a, roderic_carrion_pond,
          infiniplex_staircase_pool
Lair:5:   minmay_lair_end_enchanted_forest, layout_loops_ring, slime_entry_1,
          kennysheep_rathole, infiniplex_staircase_pool_2
Snake:1:  layout_rooms, portal_ice_cave_entry_pillars_four,
          nicolae_snake_gridmaze_big_u, uniq_kirke
Orc:1:    layout_caves, serial_shops, shop
Orc:2:    st_orc_open, layout_diamond_mine, nicolae_volcano_entry_vermiform,
          uniq_nessos

Skill      XL: |  1  2  3  4  5  6  7  8  9 10 11 12 13 14 15 16 |
---------------+-------------------------------------------------+-----
Spellcasting   | 3 4 5 6 7 9 10 12 13 | 13.5
Stealth        | 2 |  2.3
Ice Magic      | 4 5 6 |  6.1
Summonings     | 1 2 3 5 6 8 9 10 12 13 | 13.5
Fighting       | 1 3 5 8 9 10 11 12 | 12.3
Hexes          | 2 4 6 8 9 |  9.1
Necromancy     | 2 4 9 11 12 | 12.5
Earth Magic    | 1 4 |  4.0
Dodging        | 4 6 |  6.7
Shields        | |  0.2

Action                   |  1- 3 |  4- 6 |  7- 9 | 10-12 | 13-15 | 16-18 || total
-------------------------+-------+-------+-------+-------+-------+-------++-------
Melee: Spear             |     3 |       |       |       |       |       ||     3
       Staff             |    38 |    32 |    50 |    25 |   111 |    16 ||   272
       Whip              |       |    21 |       |       |       |       ||    21
       Punch             |       |       |     1 |       |     6 |       ||     7
 Cast: Freeze            |    63 |    12 |    28 |       |       |       ||   103
       Frozen Ramparts   |       |    12 |    32 |    25 |       |       ||    69
       Ozocubu's Armour  |       |     2 |     7 |       |       |       ||     9
       Summon Guardian G |       |       |    24 |    32 |     5 |       ||    61
       Summon Ice Beast  |       |       |    19 |    47 |    37 |       ||   103
       Call Canine Famil |       |       |     2 |    42 |    31 |       ||    75
       Summon Mana Viper |       |       |       |    53 |    52 |       ||   105
       Borgnjor's Vile C |       |       |       |    13 |   244 |    31 ||   288
       Haunt             |       |       |       |       |    59 |     7 ||    66
       Anguish           |       |       |       |       |    28 |     3 ||    31
Invok: Call Merchant     |       |       |     1 |     1 |     2 |       ||     4
Evoke: Wand              |       |     3 |       |       |       |       ||     3
  Use: Scroll            |     5 |     3 |     6 |     7 |     7 |     5 ||    33
 Stab: Sleeping          |     3 |     1 |     1 |       |       |       ||     5
       Paralysed         |       |     6 |       |       |       |       ||     6
       Distracted        |       |       |       |     3 |     2 |       ||     5
Armor: Robe              |     7 |       |       |       |       |       ||     7
       Leather armour    |       |    17 |    47 |    55 |   100 |    33 ||   252
Dodge: Dodged            |    62 |    38 |    79 |    97 |   267 |    48 ||   591

Table legend: (Time is in decaauts)
 A = Elapsed time spent in this place.
 B = Non-inter-level travel time spent in this place.
 C = Inter-level travel time spent in this place.
 D = Time resting spent in this place.
 E = Time spent auto-exploring this place.
 F = Levels seen in this place.
 G = Mean time per level.
                   A        B        C        D        E       F      G
               +--------+--------+--------+--------+--------+-----+--------+
         Total |  31847 |  30131 |   1716 |   1064 |  23378 |  26 | 1224.9 |
       Dungeon |  19725 |  18336 |   1389 |    695 |  14173 |  15 | 1315.0 |
          Lair |   8289 |   8017 |    272 |    224 |   6546 |   5 | 1657.8 |
     Snake Pit |    390 |    390 |      0 |      0 |    256 |   1 |  390.0 |
  Orcish Mines |   1840 |   1786 |     54 |    145 |   1204 |   2 |  920.0 |
      Ice Cave |    306 |    306 |      0 |      0 |    270 |   1 |  306.0 |
       Volcano |    699 |    699 |      0 |      0 |    507 |   1 |  699.0 |
      Gauntlet |    595 |    595 |      0 |      0 |    422 |   1 |  595.0 |
               +--------+--------+--------+--------+--------+-----+--------+

Top non-repeatable levels by time:
  Lair:5: 2613 daAuts
    D:11: 2439 daAuts
    D:14: 2041 daAuts
     D:4: 1722 daAuts
  Lair:4: 1668 daAuts
     D:6: 1590 daAuts
  Lair:3: 1531 daAuts
     D:9: 1465 daAuts
    D:12: 1457 daAuts
   Orc:2: 1449 daAuts
    D:15: 1410 daAuts
     D:5: 1379 daAuts
     D:3: 1334 daAuts
  Lair:2: 1328 daAuts
  Lair:1: 1148 daAuts
